 Dungeon Crawl Stone Soup version 0.18-a0-1773-gec4f98e (webtiles) character file.

76 Zhenya25pyc the Covered (level 4, -1/29 HPs)
             Began as a Gargoyle Fighter on Apr 14, 2016.
             Slain by a worm (5 damage)
             ... on level 2 of the Dungeon.
             The game lasted 01:38:28 (1237 turns).

Zhenya25pyc the Covered (Gargoyle Fighter)          Turns: 1237, Time: 01:38:28

Health: -1/29      AC: 15    Str: 20    XL:     4   Next: 32%
Magic:  4/4        EV:  3    Int:  9    God:
Gold:   113        SH:  9    Dex:  9    Spells: 0 memorised, 3 levels left

rFire  . . .     SeeInvis .     a - +0 flail
rCold  . . .     Gourm    .     e - +0 plate armour
rNeg   + . .     Faith    .     c - +0 shield
rPois  ∞         Spirit   .     (no helmet)
rElec  +         Dismiss  .     (no cloak)
rCorr  .         Reflect  .     (no gloves)
SustAt .         Harm     .     (no boots)
MR     .....                    (no amulet)
Stlth  ..........               (no ring)
                                (no ring)

@: not resistant to hostile enchantments, extremely unstealthy
A: negative energy resistance 1, electricity resistance, unbreathing,
petrification resistance, rot immunity, AC +3
a: no special abilities


You were on level 2 of the Dungeon.
You were hungry.

You visited 1 branch of the dungeon, and saw 3 of its levels.

You collected 113 gold pieces.

Inventory:

Hand Weapons
 a - a +0 flail (weapon)
Armour
 c - a +0 shield (worn)
 e - a +0 plate armour (worn)
Scrolls
 g - 4 scrolls of teleportation {unknown}
 h - a scroll of enchant armour {unknown}
 i - a scroll of fear {unknown}
 k - a scroll of random uselessness {unknown}
 o - a scroll of fog {unknown}
 p - a scroll of immolation {unknown}
Potions
 b - a potion of curing {unknown}
 d - a potion of might
 j - a potion of cure mutation {unknown}
 l - a potion of berserk rage {unknown}
 m - a potion of haste {unknown}
 n - a potion of invisibility {unknown}
 q - a potion of lignification {unknown}
 r - a potion of agility {unknown}
Books
 s - a book of the Earth

   Spells                             Type                      Level
   a - Leda's Liquefaction            Hexes/Earth                  4
   b - Bolt of Magma                  Conjuration/Fire/Earth       5
   c - Statue Form                    Transmutation/Earth          6
   d - Iron Shot                      Conjuration/Earth            6
   e - Shatter                        Earth                        9
Comestibles
 f - 6 bread rations


   Skills:
 + Level 3.7 Fighting
 * Level 3.3 Maces & Flails
 + Level 4.0 Armour
 - Level 3.5 Shields


You had 3 spell levels left.
You didn't know any spells.

Dungeon Overview and Level Annotations

Branches:
Dungeon (3/15)

Altars:
Xom


Innate Abilities, Weirdness & Mutations

You are resistant to torment.
Your stone body is resilient (AC +3).
You are immune to poison.
You resist negative energy.
You are resistant to electric shocks.
You can survive without breathing.
You are immune to petrification.
You are immune to rotting.


Message History

* * * LOW HITPOINT WARNING * * *
You block the orc's attack.
You closely miss the orc priest.
The orc priest is heavily wounded.
The orc priest completely misses you.
The giant newt bites you but does no damage.
The worm bites you.
* * * LOW HITPOINT WARNING * * *
The orc hits you but does no damage.
You closely miss the orc priest.
The orc priest is heavily wounded.
The orc priest hits you but does no damage.
You block the giant newt's attack. You block the orc's attack.
The orc priest miscasts a cantrip.
The giant newt bites you but does no damage.
Unknown command.
You hit the orc priest.
The orc priest is almost dead.
The worm bites you.
You die...

########### #.........###
#.#######.... ###
#..########## #(##
##......# ######
#..#########.####
#....####lo...##...#†...##
##.#....o@w........##.....
#.######.###.##......#.##
#.###.....##..#.....##.##
#..##.....##......#>##...
##..#.........##.##......
##.......###....######..
###.....# ##(.## #..
#.....####..# ###
#.......##..#########


You could see a worm, an orc priest, an orc and a giant newt.

Vanquished Creatures
  4 adders (D:2)
  2 dart slugs
  A giant gecko (D:2)
  An orc (D:3)
  2 giant cockroaches (D:1)
  2 goblins (D:1)
  4 hobgoblins
  3 jackals (D:1)
  4 bats
  2 giant newts (D:2)
  8 kobolds
  2 rats (D:1)
35 creatures vanquished.

Notes
Turn   | Place    | Note
--------------------------------------------------------------
     0 | D:1      | Zhenya25pyc the Gargoyle Fighter began the quest for the Orb.
     0 | D:1      | Reached XP level 1. HP: 14/14 MP: 1/1
   117 | D:1      | Reached XP level 2. HP: 19/19 MP: 2/2
   726 | D:2      | Reached XP level 3. HP: 23/23 MP: 3/3
   902 | D:2      | Reached XP level 4. HP: 28/29 MP: 4/4
   911 | D:2      | Found a shimmering altar of Xom.
   920 | D:2      | Reached skill level 4 in Armour
  1237 | D:2      | Slain by a worm

Vault maps used:
D:1:      mushboom_english_gardens
D:2:      nicolae_overflow_crystal_walls, first_bread
D:3:      nicolae_overflow_hidden_temple

Skill      XL: |  1  2  3  4 |
---------------+-------------+-----
Maces & Flails | 3 |  3.3
Armour         | 4 |  4.0
Fighting       | |  3.7
Shields        | |  3.5

Action                   |  1- 3 |  4- 6 || total
-------------------------+-------+-------++-------
Melee: Flail             |   160 |    38 ||   198
  Eat: Chunk             |       |     1 ||     1
Armor: Scale mail        |    17 |       ||    17
       Plate armour      |   153 |    42 ||   195
Dodge: Dodged            |    51 |     9 ||    60
Block: Shield            |   125 |    25 ||   150
